 Dungeon Crawl Stone Soup version 0.28-a0-297-g99b01970c5 (webtiles) character file.

Game seed: 7723445181716464976

29764 EnegeticOcto the Fencer (level 13, 0/93 HPs)
             Began as a Mummy Cinder Acolyte on Aug 29, 2021.
             Was a Believer of Ignis.
             Slain by a polar bear (8 damage)
             ... on level 6 of the Lair of Beasts.
             The game lasted 00:24:23 (14247 turns).

EnegeticOcto the Fencer (Mummy Cinder Acolyte)     Turns: 14247, Time: 00:24:23

Health: 0/93       AC: 20    Str: 23    XL:     13   Next: 16%
Magic:  15/15      EV: 11    Int: 12    God:    Ignis [**....]
Gold:   1460       SH:  0    Dex:  8    Spells: 14/14 levels left

rFire   . . .      SeeInvis .   a - +5 great sword (freeze)
rCold   + . .      Faith    .   (shield currently unavailable)
rNeg    + + +      Spirit   .   t - +0 plate armour
rPois   ∞          Reflect  .   d - +1 helmet
rElec   .          Harm     .   r - +0 cloak
rCorr   .          Rampage  .   (no gloves)
Will    ++...                   q - +2 pair of boots
Stlth   ..........              w - amulet of regeneration
HPRegen 1.25/turn               j - ring of willpower
MPRegen 0.14/turn               I - +4 ring of evasion

@: rising, flying
A: cold resistance 1, negative energy resistance 3, torment resistance 2, heat
vulnerability 1, in touch with death 1, no potions
a: Renounce Religion, Sea of Fire, Foxfire Swarm, Rising Flame


You were on level 6 of the Lair of Beasts.
You worshipped Ignis.
Ignis was pleased with you.
You visited 2 branches of the dungeon, and saw 15 of its levels.

You collected 1460 gold pieces.

Inventory:

Hand Weapons
 a - a +5 great sword of freezing (weapon)
   (You acquired it on level 10 of the Dungeon)
 b - a +1 scimitar of flaming
   (You took it off Erica on level 8 of the Dungeon)
Missiles
 f - 5 boomerangs
 h - 60 poisoned darts (quivered)
 m - 4 throwing nets {!f}
 n - 4 boomerangs of dispersal
 p - 429 stones
 x - 2 javelins
Armour
 d - a +1 helmet (worn)
   (You found it on level 3 of the Lair of Beasts)
 q - a +2 pair of boots (worn)
   (You found it on level 4 of the Dungeon)
 r - a +0 cloak (worn)
   (You found it on level 4 of the Dungeon)
 t - a +0 plate armour (worn)
   (You found it on level 4 of the Dungeon)
 E - a scarf of invisibility
   (You found it on level 10 of the Dungeon)
Magical Staves
 o - a staff of cold
   (You found it on level 3 of the Dungeon)
Jewellery
 j - a ring of willpower (left hand)
   (You found it on level 2 of the Dungeon)
 u - an amulet of guardian spirit
   (You took it off a goblin on level 4 of the Dungeon)
 w - an amulet of regeneration (around neck)
   (You found it on level 6 of the Dungeon)
 A - a +6 ring of dexterity
   (You found it on level 8 of the Dungeon)
 I - a +4 ring of evasion (right hand)
   (You found it on level 2 of the Lair of Beasts)
 J - an amulet of the acrobat
   (You found it on level 3 of the Lair of Beasts)
Wands
 i - a wand of digging (6) {@v3}
   (You found it on level 8 of the Dungeon)
 s - a wand of paralysis (4)
   (You found it on level 7 of the Dungeon)
 C - a wand of flame (17) {@v4}
   (You found it on level 10 of the Dungeon)
 G - a wand of iceblast (8) {@v2}
   (You found it on level 1 of the Lair of Beasts)
 K - a wand of acid (9) {@v1}
   (You found it on level 3 of the Lair of Beasts)
Scrolls
 c - a scroll of vulnerability
 e - 12 scrolls of teleportation {@r3 !r}
 g - 4 scrolls of fog {!r}
 y - a scroll of brand weapon
 z - 2 scrolls of fear {!r}
 B - 3 scrolls of magic mapping {@r5 !r}
 D - 3 scrolls of immolation {unknown}
 H - 2 scrolls of silence {unknown}
Miscellaneous
 F - a box of beasts
   (You found it on level 1 of the Lair of Beasts)


   Skills:
 - Level 6.0 Fighting
 + Level 15.4 Long Blades
 - Level 4.0 Throwing
 - Level 7.1 Armour
 - Level 1.3 Spellcasting
 - Level 0.7 Fire Magic
 - Level 4.0 Evocations


You had 14 spell levels left.
You didn't know any spells.
Your spell library contained the following spells:

 Spells                   Type           Power      Damage    Failure   Level
 Foxfire                  Conj/Fire      4%         2x1d4     98%         1
 Inner Flame              Hex/Fire       1%         N/A       100%        3
 Cause Fear               Hex            0%         N/A       100%        4
 Leda's Liquefaction      Hex/Erth       0%         N/A       100%        4
 Olgreb's Toxic Radiance  Pois           0%         N/A       100%        4
 Petrify                  Tmut/Erth      0%         N/A       100%        4
 Bolt of Magma            Conj/Fire/Erth 0%         4d4       100%        5
 Irradiate                Conj/Tmut      0%         3d14      100%        5
 Ozocubu's Refrigeration  Ice            0%         4d5       100%        7
 Discord                  Hex            0%         N/A       100%        8
 Ignition                 Fire           1%         3d3       100%        8
 Sublimation of Blood     Necr           Unusable   N/A       N/A         2
 Statue Form              Tmut/Erth      Unusable   N/A       N/A         6

Dungeon Overview and Level Annotations

Branches:
Dungeon (10/15)            Temple (0/1) D:7            Lair (4/6) D:10
 Spider (0/4) Lair:3
  Swamp: Lair:2-4    Shoals: Lair:2-4       Orc: D:9-12

Altars:
Elyvilon
Fedhas
Makhleb
Okawaru
Vehumet
Yredelemnul

Shops:
D:8 =


Innate Abilities, Weirdness & Mutations

You are immune to poison.
Your flesh is cold resistant. (rC+)
You are immune to negative energy. (rN+++)
You are immune to unholy pain and torment.
You are vulnerable to heat. (rF-)
You are in touch with the powers of death.
You do not drink.


Message History

The polar bear is lightly wounded.
The foxfire hits the cane toad.
The cane toad is lightly wounded.
The foxfire hits the cane toad but does no damage.
The cane toad is lightly wounded.
The foxfire hits the polar bear.
The polar bear is moderately wounded.
The foxfire hits the polar bear but does no damage.
The polar bear is moderately wounded.
The foxfire hits the polar bear but does no damage.
The polar bear is moderately wounded.
The foxfire hits the cane toad.
The cane toad is moderately wounded.
The foxfire hits the polar bear but does no damage.
The polar bear is moderately wounded.
The foxfire hits the polar bear.
The polar bear is moderately wounded.
The foxfire hits the polar bear but does no damage.
The polar bear is moderately wounded.
The foxfire hits the cane toad.
The cane toad is moderately wounded.
The foxfire hits the polar bear.
The polar bear is moderately wounded.
The foxfire hits the polar bear.
The polar bear is heavily wounded.
Flames leap up around you!
The foxfire hits the cane toad.
The cane toad is heavily wounded.
The foxfire hits the polar bear.
The polar bear is heavily wounded.
A wyvern comes into view.
You slash the polar bear! You freeze the polar bear.
The polar bear is severely wounded.
The foxfire hits the cane toad but does no damage.
The cane toad is heavily wounded.
The foxfire hits the cane toad but does no damage.
The cane toad is heavily wounded.
The foxfire hits the water moccasin.
The water moccasin is lightly wounded.
The foxfire hits the water moccasin.
The water moccasin is lightly wounded.
The foxfire hits the komodo dragon but does no damage.
The foxfire hits the polar bear.
The polar bear is severely wounded.
The foxfire hits the polar bear but does no damage.
The polar bear is severely wounded.
The foxfire hits the cane toad but does no damage.
The cane toad is heavily wounded.
The foxfire hits the polar bear.
The polar bear is almost dead.
The foxfire hits the polar bear but does no damage.
The polar bear is almost dead.
The foxfire hits the polar bear.
The polar bear is almost dead.
The foxfire hits the polar bear but does no damage.
The polar bear is almost dead.
The cane toad stings you but does no damage.
You closely miss the cane toad.
The cane toad is heavily wounded.
The cane toad stings you!
The polar bear goes berserk!
You hit the polar bear but do no damage.
The polar bear is almost dead.
The polar bear bites you but does no damage.
The polar bear claws you but does no damage.
The polar bear claws you. The cane toad barely misses you.
The water moccasin bites you. The komodo dragon bites you!
You hit the polar bear. You freeze the polar bear.
The polar bear is almost dead.
The polar bear bites you but does no damage.
The polar bear claws you but does no damage.
The polar bear closely misses you. The cane toad barely misses you.
The water moccasin bites you but does no damage.
The polar bear bites you but does no damage.
The polar bear claws you but does no damage.
The polar bear closely misses you.
The komodo dragon bites you but does no damage.
You closely miss the polar bear.
The polar bear is almost dead.
The water moccasin bites you but does no damage.
The cane toad stings you but does no damage.
The polar bear bites you! The polar bear closely misses you.
The polar bear claws you but does no damage.
The water moccasin bites you but does no damage.
You hit the polar bear but do no damage.
The polar bear is almost dead.
The cane toad stings you! The komodo dragon bites you!
The polar bear bites you!
* * * LOW HITPOINT WARNING * * *
The polar bear claws you but does no damage.
The polar bear barely misses you. The water moccasin bites you!
* * * LOW HITPOINT WARNING * * *
The cane toad closely misses you.
Okay, then.
You begin to rise into the air.
The polar bear bites you but does no damage.
The polar bear barely misses you.
The polar bear claws you but does no damage.
The komodo dragon barely misses you. The water moccasin bites you.
* * * LOW HITPOINT WARNING * * *
The polar bear bites you!
You die...

................#
................# ..
................# ...
......†........## #...
...............## #..S.
................###... .
................#..##...
...............lhF......
................@Sl.....
##.......###..#..#..#.P.
#####..### ########## .
#.## ###


You could see a polar bear (berserk), a komodo dragon, a cane toad, a water
moccasin and a wyvern.

Vanquished Creatures
  A hydra (Lair:6)
  A centaur warrior (D:9)
  Erica (D:8)
  3 death yaks (Lair:2)
  2 wolf spiders (Lair:3)
  2 ugly things (D:10)
  5 black mambas
  11 cane toads
  2 kobold demonologists
  A rime drake (Lair:2)
  3 komodo dragons
  A troll (D:10)
  A jumping spider (Lair:3)
  A hornet (D:8)
  12 blink frogs
  3 shadows
  A redback (Lair:3)
  A vampire (D:9)
  2 wyverns
  38 yaks
  7 basilisks
  2 steam dragons (D:7)
  5 vampire mosquitoes (Lair:4)
  10 water moccasins
  4 black bears
  2 orc warriors
  2 sky beasts
  An ice beast (D:7)
  2 necrophages
  3 centaurs
  2 ogres (D:5)
  A phantom (D:7)
  13 wolves
  A kobold brigand (D:9)
  A wyvern zombie (D:7)
  8 bullfrogs
  3 scorpions
  A gnoll sergeant (D:6)
  A water moccasin skeleton (D:6)
  6 killer bees
  4 howler monkeys
  2 electric eels (Lair:1)
  4 centaur zombies
  A gnoll shaman (D:9)
  3 orc priests
  4 hounds
  2 centaur skeletons
  2 jellies (D:6)
  An iguana (D:6)
  11 orc wizards
  A killer bee zombie (D:5)
  A hound skeleton (D:4)
  Robin (D:4)
  13 gnolls
  12 adders
  2 shadow imps
  An ufetubus (D:5)
  2 dart slugs
  29 orcs
  3 endoplasms
  6 giant cockroaches
  19 goblins
  9 hobgoblins
  3 jackals (D:4)
  2 quokkas
  6 ball pythons
  A bat (D:2)
  10 kobolds
  2 rats
324 creatures vanquished.

Vanquished Creatures (collateral kills)
  A foxfire (Lair:6)
1 creature vanquished.

Vanquished Creatures (others)
  52 foxfires
  24 fungi
  28 plants
104 creatures vanquished.

Grand Total: 429 creatures vanquished

Notes
Turn   | Place    | Note
-------+----------+-------------------------------------------
     0 | D:1      | EnegeticOcto the Mummy Cinder Acolyte began the quest for
                  | the Orb.
     0 | D:1      | Reached XP level 1. HP: 18/18 MP: 2/2
   555 | D:1      | Reached skill level 3 in Long Blades
   555 | D:1      | Reached XP level 2. HP: 20/24 MP: 4/4
  1421 | D:2      | Reached XP level 3. HP: 28/29 MP: 5/5
  1775 | D:3      | Reached skill level 4 in Long Blades
  1775 | D:3      | Reached XP level 4. HP: 13/35 MP: 6/6
  2092 | D:3      | Found a faded altar of an unknown god.
  2215 | D:3      | Reached XP level 5. HP: 8/41 MP: 7/7
  2664 | D:3      | Found an iron altar of Okawaru.
  3095 | D:4      | Reached skill level 5 in Long Blades
  3121 | D:4      | Found a basalt altar of Yredelemnul.
  3131 | D:4      | Noticed a sky beast
  3155 | D:4      | Killed a sky beast
  3298 | D:4      | Reached XP level 6. HP: 47/47 MP: 8/8
  3722 | D:4      | Found a blossoming altar of Fedhas.
  3968 | D:4      | Reached skill level 6 in Long Blades
  3975 | D:4      | Reached skill level 1 in Armour
  4045 | D:4      | Reached skill level 2 in Armour
  4081 | D:4      | Noticed Robin
  4147 | D:4      | Killed Robin
  4427 | D:5      | Entered Level 5 of the Dungeon
  4487 | D:5      | Reached skill level 1 in Throwing
  4487 | D:5      | Reached XP level 7. HP: 52/52 MP: 9/9
  4497 | D:5      | Reached skill level 2 in Throwing
  4645 | D:5      | Reached skill level 3 in Throwing
  5046 | D:5      | Reached skill level 4 in Throwing
  5447 | D:6      | Reached skill level 3 in Armour
  5478 | D:6      | Noticed a shadow
  5490 | D:6      | Killed a shadow
  5491 | D:6      | Reached XP level 8. HP: 48/58 MP: 7/10
  5874 | D:6      | Reached skill level 7 in Long Blades
  6450 | D:6      | Noticed a kobold demonologist
  6465 | D:6      | Killed a kobold demonologist
  6466 | D:6      | Reached skill level 8 in Long Blades
  6770 | D:7      | Reached skill level 4 in Fighting
  6770 | D:7      | Reached XP level 9. HP: 41/66 MP: 11/11
  6870 | D:7      | Found a staircase to the Ecumenical Temple.
  6964 | D:7      | Reached skill level 5 in Fighting
  6973 | D:7      | Reached skill level 1 in Evocations
  7034 | D:7      | Reached skill level 2 in Evocations
  7178 | D:7      | Reached skill level 3 in Evocations
  7855 | D:8      | Found Muimm's Jewellery Boutique.
  7915 | D:8      | Reached skill level 4 in Evocations
  8075 | D:8      | Reached skill level 6 in Fighting
  8087 | D:8      | Reached skill level 4 in Armour
  8211 | D:8      | Found a radiant altar of Vehumet.
  8350 | D:8      | Noticed Erica
  8367 | D:8      | Killed Erica
  8368 | D:8      | Reached skill level 6 in Armour
  8368 | D:8      | Reached XP level 10. HP: 76/76 MP: 12/12
  8718 | D:9      | Noticed a centaur warrior
  8734 | D:9      | Killed a centaur warrior
  8735 | D:9      | Reached skill level 7 in Armour
  8951 | D:9      | Reached skill level 9 in Long Blades
  9620 | D:10     | Entered Level 10 of the Dungeon
  9767 | D:10     | Noticed a cyan ugly thing
  9773 | D:10     | Killed a cyan ugly thing
  9774 | D:10     | Reached skill level 10 in Long Blades
  9823 | D:10     | Reached XP level 11. HP: 34/81 MP: 13/13
 10079 | D:10     | Found a burning altar of Makhleb.
 10237 | D:10     | Noticed a green ugly thing
 10247 | D:10     | Killed a green ugly thing
 10357 | D:10     | Reached skill level 11 in Long Blades
 10406 | D:10     | Found a staircase to the Lair.
 10478 | D:10     | Identified 2 scrolls of acquirement
 10479 | D:10     | Acquired 742 gold pieces
 10481 | D:10     | Acquired a +2 great sword of freezing
 10522 | Lair:1   | Entered Level 1 of the Lair of Beasts
 11102 | Lair:1   | Reached skill level 12 in Long Blades
 11855 | Lair:2   | Reached XP level 12. HP: 61/88 MP: 14/14
 11893 | Lair:2   | Reached skill level 13 in Long Blades
 12786 | Lair:3   | Noticed a death yak
 12796 | Lair:3   | Noticed a death yak
 12831 | Lair:2   | Killed a death yak
 12869 | Lair:2   | Killed a death yak
 12870 | Lair:2   | Reached skill level 14 in Long Blades
 12951 | Lair:3   | Noticed a death yak
 12988 | Lair:2   | Killed a death yak
 13326 | Lair:3   | Found a hole to the Spider Nest.
 13849 | Lair:4   | Reached skill level 15 in Long Blades
 13904 | Lair:4   | Gained mutation: You are in touch with the powers of death.
                  | [Mummy growth]
 13904 | Lair:4   | Reached XP level 13. HP: 87/93 MP: 15/15
 14004 | Lair:4   | You fall into a shaft and drop 2 floors!
 14004 | Lair:6   | Entered Level 6 of the Lair of Beasts
 14247 | Lair:6   | Slain by a polar bear

Illustrated notes

Levels and vault maps discovered:
D:1:      tarquinn_simple_flora_water_e, layout_loops_ring
D:2:      layout_rooms, minmay_pentomino_t4
D:3:      layout_rooms, okawaru_altar_gauntlet_db, ebering_ecumenical_altar_mist
D:4:      kennysheep_goblin_castle, layout_cave_pods,
          mainiacjoe_overflow_small_starburst, lemuel_round_altar
D:5:      layout_loops_ring, elyvilon_altar_5
D:6:      layout_cave_pods
D:7:      layout_layer_cave, minmay_temple_entry_proselytizer
D:8:      layout_basic, mainiacjoe_overflow_alcove_4, serial_shops, shop,
          uniq_erica
D:9:      layout_gridville
D:10:     layout_roguey, general_overflow_altar, grunt_lair_entry_orc_guard_hut,
          grunt_ministairs_14, chequers_serial_rivers_small_3,
          serial_bayou_pond_e
Lair:1:   layout_chaotic_city, disabler_island, grunt_megastairs_5
Lair:2:   layout_cave_shapes, cheibrodos_lair_reptile_den
Lair:3:   layout_chaotic_city, spider_nest_entry_funnel_web,
          chequers_serial_rivers_room_b
Lair:4:   layout_regular_city, minmay_swamp_entry_swarm, uniq_nessos
Lair:6:   guppyfry_lair_end_dragon, layout_long_grid,
          hangedman_lair_tendril_chambers, dpeg_slime_entry_enclosed_altar

Skill      XL: |  1  2  3  4  5  6  7  8  9 10 11 12 |
---------------+-------------------------------------+-----
Long Blades    | 3 4 5 6 8 10 12 15 | 15.4
Armour         | 2 3 6 7 |  7.1
Throwing       | 1 4 |  4.0
Fighting       | 4 6 |  6.0
Evocations     | 4 |  4.0
Spellcasting   | |  1.3
Fire Magic     | |  0.7

Action                   |  1- 3 |  4- 6 |  7- 9 | 10-12 | 13-15 || total
-------------------------+-------+-------+-------+-------+-------++-------
Melee: Falchion          |    25 |       |       |       |       ||    25
       Dagger            |    11 |       |       |       |       ||    11
       Long sword        |    36 |   165 |   367 |       |       ||   568
       Scimitar          |       |       |       |   279 |     7 ||   286
       Great sword       |       |       |       |   431 |    54 ||   485
Throw: Boomerang         |     8 |     9 |    29 |     1 |     3 ||    50
       Dart              |       |       |    16 |    18 |     2 ||    36
Invok: Foxfire Swarm     |       |       |       |     2 |     2 ||     4
       Rising Flame      |       |       |       |       |     1 ||     1
Evoke: Wand              |       |       |     1 |     5 |       ||     6
  Use: Scroll            |     2 |       |     6 |     9 |     3 ||    20
 Stab: Paralysed         |       |       |       |     4 |       ||     4
Armor: Robe              |     6 |       |       |       |       ||     6
       Scale mail        |     9 |    61 |       |       |       ||    70
       Plate armour      |       |    84 |   332 |   448 |    45 ||   909
Dodge: Dodged            |    33 |    79 |   135 |   281 |    34 ||   562

Table legend: (Time is in decaauts)
 A = Elapsed time spent in this place.
 B = Non-inter-level travel time spent in this place.
 C = Inter-level travel time spent in this place.
 D = Time resting spent in this place.
 E = Time spent auto-exploring this place.
 F = Levels seen in this place.
 G = Mean time per level.
                   A        B        C        D        E       F      G
               +--------+--------+--------+--------+--------+-----+--------+
         Total |  14300 |  13878 |    422 |    642 |  10065 |  15 |  953.3 |
       Dungeon |  10562 |  10232 |    330 |    379 |   7799 |  10 | 1056.2 |
          Lair |   3737 |   3646 |     91 |    263 |   2265 |   5 |  747.4 |
               +--------+--------+--------+--------+--------+-----+--------+

Top non-repeatable levels by time:
     D:6: 1402 daAuts
     D:4: 1393 daAuts
  Lair:1: 1253 daAuts
     D:3: 1210 daAuts
     D:7: 1164 daAuts
  Lair:3: 1122 daAuts
     D:1: 1079 daAuts
  Lair:2: 998 daAuts
     D:9: 988 daAuts
     D:5: 927 daAuts
    D:10: 890 daAuts
     D:2: 780 daAuts
     D:8: 724 daAuts
  Lair:6: 236 daAuts
  Lair:4: 126 daAuts
